 Dungeon Crawl Stone Soup version 0.31-a0-466-g98c9adc2b6 (webtiles) character file.

Game seed: 17736869191808868666

71 MisterAzrael the Changeling (level 4, -9/52 HPs)
             Began as a Draconian Shapeshifter on Aug 6, 2023.
             Killed from afar by Ijyb (22 damage)
             ... with a bolt of acid
             ... on level 3 of the Dungeon.
             The game lasted 00:01:07 (1357 turns).

MisterAzrael the Changeling (DrSh)                  Turns: 1357, Time: 00:01:07

Health: -9/52      AC: 18    Str: 20    XL:     4   Next: 5%
Magic:  4/4        EV:  2    Int:  8    God:
Gold:   95         SH:  0    Dex: 11    Spells: 3/3 levels left

rFire   . .          .
                       - Unarmed
rCold   . . .        (no shield)
rNeg    . . .        (body armour unavailable)
rPois   +            (helmet currently unavailable)
rElec   .            (cloak currently unavailable)
rCorr   .            (gloves currently unavailable)
SInv    .            (boots currently unavailable)
Will    .....        (no amulet)
Stlth   +            (no ring)
HPRegen 0.28/turn    (no ring)
MPRegen 0.09/turn

%: no passive effects
@: tree-form, corroded
A: stationary, stasis, torment immunity, boosted hp, AC +5, unfitting armour,
(cold-blooded)
a: no special abilities


You were on level 3 of the Dungeon.
You were a tree.
You visited 1 branch of the dungeon, and saw 3 of its levels.

You collected 95 gold pieces.

Inventory:

Talismans
 b - a beast talisman
Scrolls
 e - 5 scrolls of poison {unknown}
 g - a scroll of blinking {unknown}
 h - a scroll of identify {unknown}
 i - a scroll of silence {unknown}
 j - 2 scrolls of teleportation {unknown}
 m - a scroll of butterflies {unknown}
Potions
 a - a potion of lignification
 c - 2 potions of heal wounds {unknown}
 d - 2 potions of curing {unknown}
 f - 2 potions of haste {unknown}
 k - a potion of berserk rage {unknown}
 l - a potion of attraction {unknown}


   Skills:
 - Level 1.1 Fighting
 - Level 1.7 Dodging
 + Level 3.9 Unarmed Combat
 * Level 3.9 Shapeshifting


You had 3 spell levels left.
You didn't know any spells.
Your spell library contained the following spells:

 Spells                   Type           Power      Damage    Failure   Level
 Summon Small Mammal      Summ           0%         N/A       41%         1
 Scorch                   Fire           0%         2d5       54%         2
 Call Canine Familiar     Summ           0%         N/A       78%         3
 Summon Guardian Golem    Hex/Summ       0%         N/A       78%         3
 Flame Wave               Conj/Fire      0%         2d4       99%         4
 Summon Cactus Giant      Summ           0%         N/A       100%        6


Dungeon Overview and Level Annotations

Branches:
Dungeon (3/15)

Altars:

Shops:
D:3 =

Annotations:
D:3 Ijyb


Innate Abilities, Weirdness & Mutations

You are a tree.
Your roots penetrate the ground, keeping you stationary.
You cannot be teleported.
You are immune to unholy pain and torment.
Your maximum health is greatly increased.
Your equipment is partially melded.
((Your plain brown scales are hard. (AC +5)))
You cannot fit into any form of body armour.
((You are cold-blooded and may be slowed by cold attacks.))


Message History

You hit the orc.
You kill the orc!
HP restored.
l - a dark potion
j - 2 scrolls labelled PERHI TOSMU (gained 1)
Found 6 stones.
Found an escape hatch in the ceiling.
You see here 6 stones.
No target in view!
No target in view!
No target in view!
No target in view!
There is an escape hatch in the ceiling here.
m - a scroll labelled ZEQOG DOTAI A ball python comes into view.
You barely miss the ball python.
Your tail-slap misses the ball python.
The ball python bites you but does no damage.
The ball python misses you.
You hit the ball python.
You kill the ball python!
No target in view!
No target in view!
d - 2 black potions (gained 1) Ijyb the Twisted Goblin comes into view.
She is wielding a +0 club and carrying a wand of acid.
Found Neroxoaj's One-of-a-Kind Rings.
Ijyb is nearby!
Found a leather armour.
Ijyb screams, "Me stronger than you!"
Ijyb zaps a wand.
The bolt of acid hits you!
You closely miss Ijyb.
Ijyb zaps a wand.
The bolt of acid hits you!
* * * LOW HITPOINT WARNING * * *
The acid corrodes you!
You are too injured to fight recklessly!
Really quaff the potion of lignification?
Your transformation has ended.
You turn into a tree.
Your roots penetrate the ground.
Ijyb hits you but does no damage.
You closely miss Ijyb. Ijyb hits you but does no damage.
You hit Ijyb but do no damage.
Ijyb zaps a wand.
The bolt of acid hits you!!
You die...

###.#.# ##. #.....#
#..[. #.###.# .....
##.#!#.# #....####
#..###.# ..#...##
#......# #.....#
#...#.## #..∩g.###
###...# #...♣.#.#
###.#
....#...##.#######.#
# #..###...........#
## ###.#########
#.####.# #......#
########


You could see Ijyb.

Vanquished Creatures
  4 adders (D:2)
  A worm (D:2)
  An orc (D:3)
  3 ball pythons
  2 endoplasms
  3 giant cockroaches
  2 goblins
  3 hobgoblins
  3 jackals (D:2)
  A kobold (D:3)
  A quokka (D:1)
  2 bats
  2 frilled lizards
  2 rats (D:2)
30 creatures vanquished.

Notes
Turn   | Place    | Note
-------+----------+-------------------------------------------
     0 | D:1      | MisterAzrael the Draconian Shapeshifter began the quest for
                  | the Orb.
     0 | D:1      | Reached XP level 1. HP: 16/16 MP: 1/1
   161 | D:1      | Reached XP level 2. HP: 23/23 MP: 2/2
   499 | D:2      | Reached XP level 3. HP: 28/28 MP: 3/3
  1180 | D:3      | Reached XP level 4. HP: 35/35 MP: 4/4
  1351 | D:3      | Found Neroxoaj's One-of-a-Kind Rings.
  1351 | D:3      | Noticed Ijyb
  1357 | D:3      | Killed from afar by Ijyb

Illustrated notes

Levels and vault maps discovered:
D:1:      minmay_arrival_semitransparent, layout_rooms, minmay_misc_feat_rugged
D:2:      layout_loops_cross
D:3:      layout_loops_cross, mainiacjoe_overflow_alcove_2,
          nicolae_shop_unique_rings, item_on_display_a, uniq_robin,
          uniq_grinder, uniq_ijyb

Action                     |  1- 3 |  4- 6 || total
---------------------------+-------+-------++-------
  Melee: Unarmed           |    84 |    11 ||    95
         Tailslap          |     8 |       ||     8
         Punch             |     2 |       ||     2
    Use: Potion            |       |     1 ||     1
 Armour: Skin              |    19 |     3 ||    22
  Dodge: Dodged            |    61 |     3 ||    64

Table legend: (Time is in decaauts)
 A = Elapsed time spent in this place.
 B = Non-inter-level travel time spent in this place.
 C = Inter-level travel time spent in this place.
 D = Time resting spent in this place.
 E = Time spent auto-exploring this place.
 F = Levels seen in this place.
 G = Mean time per level.
                   A        B        C        D        E       F      G
               +--------+--------+--------+--------+--------+-----+--------+
         Total |   1349 |   1296 |     53 |      0 |   1092 |   3 |  449.7 |
       Dungeon |   1349 |   1296 |     53 |      0 |   1092 |   3 |  449.7 |
               +--------+--------+--------+--------+--------+-----+--------+

Top non-repeatable levels by time:
     D:2: 719 daAuts
     D:1: 424 daAuts
     D:3: 206 daAuts
